 Dungeon Crawl Stone Soup version 0.29.0-13-gc9e81de378 (webtiles) character file.

Game seed: 8783920307824816834

709 Frenzy the Cleaver (level 7, -5/60 HPs)
             Began as a Hill Orc Fighter on Sept 6, 2022.
             Was an Initiate of Ru.
             Slain by a kobold
             ... wielding a +0 dagger of chaos
              (13 damage)
             ... on level 4 of the Dungeon on Sept 7, 2022.
             The game lasted 00:26:41 (3074 turns).

Frenzy the Cleaver (Hill Orc Fighter)               Turns: 3074, Time: 00:26:42

Health: -5/60      AC:  7    Str: 27    XL:     7   Next: 68%
Magic:  16/16      EV: 10    Int: 14    God:    Ru [......]
Gold:   163        SH:  4    Dex: 10    Spells: 6/6 levels left

rFire   . . .      SeeInvis .   a - +0 war axe
rCold   . . .      Faith    .   c - +0 buckler
rNeg    . . .      Spirit   .   b - +0 scale mail
rPois   .          Reflect  .   (no helmet)
rElec   .          Harm     .   (no cloak)
rCorr   .          Rampage  .   (no gloves)
Will    +....                   (no boots)
Stlth   ..........              (no amulet)
HPRegen 0.20/turn               d - ring "Ifoluo" {Will+ MP+9 Int+6}
MPRegen 0.15/turn               p - +6 ring of strength

@: brilliant, hasted, very quick
A: no striking features
a: Renounce Religion, Sacrifice Courage, Sacrifice Drink, Sacrifice Artifice,
Reject Sacrifices


You were on level 4 of the Dungeon.
You worshipped Ru.
Ru was noncommittal.
You visited 1 branch of the dungeon, and saw 4 of its levels.

You collected 163 gold pieces.

Inventory:

Hand Weapons
 a - a +0 war axe (weapon)
 i - a +2 dagger of holy wrath
Armour
 b - a +0 scale mail (worn)
 c - a +0 buckler (worn)
 e - a +0 ring mail
 g - a +0 scale mail
 j - a +0 robe
 w - a +0 ring mail
Jewellery
 d - the ring "Ifoluo" (left hand) {Will+ MP+9 Int+6}
   (You found it on level 2 of the Dungeon)

   [ring of intelligence]

   Int:       It affects your intelligence (+6).
   MP:        It affects your magic capacity (+9).
   Will:      It increases your willpower.
 p - a +6 ring of strength (right hand)
Scrolls
 l - a scroll of vulnerability
 m - 2 scrolls of summoning {unknown}
 n - a scroll of enchant armour {unknown}
 r - a scroll of immolation {unknown}
 s - 2 scrolls of teleportation {unknown}
 v - a scroll of poison {unknown}
Potions
 k - 2 potions of degeneration
 o - a potion of mutation {unknown}
 q - a potion of cancellation {unknown}
 t - a potion of heal wounds {unknown}
 u - a potion of flight {unknown}


   Skills:
 + Level 4.8 Fighting
 * Level 8.5 Axes
 + Level 4.8 Armour
 + Level 1.2 Dodging
 + Level 0.5 Stealth
 + Level 4.2 Shields


You had 6 spell levels left.
You didn't know any spells.
Your spell library contained the following spells:

 Spells                   Type           Power      Damage    Failure   Level
 Dazzling Flash           Conj/Hex       0%         N/A       94%         3
 Agony                    Necr           0%         N/A       100%        5
 Silence                  Hex/Air        0%         N/A       100%        5


Dungeon Overview and Level Annotations

Branches:
Dungeon (4/15)
 Temple: D:4-7

Altars:
Nemelex Xobeh
Ru

Shops:
D:2 [


Message History

Gabide's ghost is heavily damaged.
Gabide's ghost hits you but does no damage.
You closely miss Gabide's ghost.
Gabide's ghost is heavily damaged.
You hit Gabide's ghost.
Gabide's ghost is heavily damaged.
Gabide's ghost hits you.
* * * LOW HITPOINT WARNING * * *
You slash Gabide's ghost!
Gabide's ghost is severely damaged.
Gabide's ghost barely misses you.
You slash Gabide's ghost!
Gabide's ghost is severely damaged.
Gabide's ghost hits you but does no damage.
You hit Gabide's ghost.
Gabide's ghost is severely damaged.
You block Gabide's ghost's attack.
You hit Gabide's ghost.
Gabide's ghost is almost destroyed.
You slash Gabide's ghost!
Gabide's ghost is almost destroyed.
Gabide's ghost hits you.
* * * LOW HITPOINT WARNING * * *
You barely miss Gabide's ghost.
Gabide's ghost is almost destroyed.
Gabide's ghost closely misses you.
You hit Gabide's ghost.
You destroy Gabide's ghost!
Your Axes skill increases to level 8!
Your Dodging skill increases to level 1!
You have reached level 7!
A kobold is nearby!
You closely miss the kobold. You barely miss the kobold.
Your extra speed is starting to run out.
The kobold hits you but does no damage.
You feel as though your hastened speed will last longer.
You closely miss the kobold. The kobold hits you but does no damage.
You are electrocuted!
You die...

############# #.##.⌠.#
#...........# #.#.#.# #
##.#######.### ###.'..#..$ #..#
##..# ###KKK'.(...[ ###.## #..##
#)K.#.'..#... ###...# ##.##
#K###.#K#.#.# ###...#######..##
#.# #.##K⌠.##
................#####.# #..#####.
..#.#########.#.@KKKKK# ######...
....# ##.#######.# ##.......
....# ###..# #.# #..###... #...#
##...## #<###.##...#. #....##
#..### #.....##...#. ##.#..###.##
##..#...(...##
##.##.##..##########...#.###...#.
.#.##.................##.# #...#.
.#.#...####..............# #####.


You could see 5 kobolds.

Vanquished Creatures
  The ghost of Gabide the Sneak, a novice NaMo (D:4)
  A black bear (D:4)
  A kobold brigand (D:4)
  A jelly (D:4)
  A hound (D:4)
  Jessica (D:2)
  A gnoll (D:4)
  4 adders
  3 dart slugs
  2 orcs
  10 ball pythons
  4 endoplasms
  A giant cockroach (D:2)
  6 goblins
  8 hobgoblins
  7 jackals
  7 kobolds
  3 quokkas (D:1)
  6 bats
  3 frilled lizards
  A rat (D:2)
72 creatures vanquished.

Notes
Turn   | Place    | Note
-------+----------+-------------------------------------------
     0 | D:1      | Frenzy the Hill Orc Fighter began the quest for the Orb.
     0 | D:1      | Reached XP level 1. HP: 19/19 MP: 1/1
   195 | D:1      | Reached XP level 2. HP: 27/27 MP: 2/2
   246 | D:1      | Reached skill level 3 in Axes
   677 | D:1      | Reached XP level 3. HP: 32/33 MP: 3/3
   895 | D:2      | Reached skill level 4 in Axes
   972 | D:2      | Reached XP level 4. HP: 6/40 MP: 4/4
  1020 | D:2      | Identified the ring "Ifoluo" {Will+ MP+9 Int+6}
  1034 | D:2      | Noticed Jessica
  1064 | D:2      | HP: 1/40 [Jessica/+2 dagger of holy wrath (3)]
  1069 | D:2      | Killed Jessica
  1070 | D:2      | Upgraded the game from 0.29.0-11-gd7f09526c8 to
                  | 0.29.0-13-gc9e81de378
  1359 | D:2      | Found Xaderynug's Armour Shoppe.
  1370 | D:2      | Found a sacrificial altar of Ru.
  1379 | D:2      | Became a worshipper of Ru the Awakened
  1512 | D:2      | Reached skill level 5 in Axes
  1872 | D:3      | Reached XP level 5. HP: 46/46 MP: 5/5
  2312 | D:4      | Noticed a black bear
  2322 | D:4      | Killed a black bear
  2323 | D:4      | Reached skill level 6 in Axes
  2346 | D:4      | Found a sparkling altar of Nemelex Xobeh.
  2703 | D:4      | Reached XP level 6. HP: 36/53 MP: 6/6
  2752 | D:4      | Found a runed translucent gate.
  2752 | D:4      | Found a runed translucent gate.
  2753 | D:4      | Noticed Gabide's ghost (novice NaMo)
  2755 | D:4      | Found a runed translucent gate.
  3043 | D:4      | Reached skill level 7 in Axes
  3060 | D:4      | Killed Gabide's ghost
  3061 | D:4      | Reached skill level 8 in Axes
  3061 | D:4      | Reached skill level 1 in Dodging
  3061 | D:4      | Reached XP level 7. HP: 6/60 MP: 7/7
  3074 | D:4      | Slain by a kobold

Illustrated notes

Levels and vault maps discovered:
D:1:      lordsloth_arrival_two_stooges, layout_loops_corners
D:2:      layout_loops_ring, basic_altar, serial_shops, shop, uniq_jessica
D:3:      layout_loops_cross
D:4:      layout_rooms, nemelex_xobeh_ov_fountains_minmay,
          gammafunk_ghost_nasty_kobolds, minivault_14, roderic_lattice_a,
          kennysheep_generic_room_13

Skill      XL: |  1  2  3  4  5  6 |
---------------+-------------------+-----
Axes           | 3 4 5 6 8 |  8.5
Fighting       | 4 |  4.8
Armour         | 4 |  4.8
Shields        | 4 |  4.2
Dodging        | 1 |  1.2
Stealth        | |  0.5

Action                   |  1- 3 |  4- 6 |  7- 9 || total
-------------------------+-------+-------+-------++-------
Melee: War axe           |    82 |   124 |     3 ||   209
  Use: Scroll            |     3 |     4 |       ||     7
       Potion            |     2 |     4 |       ||     6
Armor: Scale mail        |    52 |    50 |     2 ||   104
Dodge: Dodged            |    52 |    43 |       ||    95
Block: Buckler           |    20 |    25 |       ||    45
